 Dungeon Crawl Stone Soup version 0.27-a0-887-gcab673c142 (webtiles) character file.

Game seed: 17279185268648998680

8 Lanoc the Grave Robber (level 2, 0/19 HPs)
             Began as a Human Necromancer on Apr 4, 2021.
             Slain by a jackal (1 damage)
             ... on level 1 of the Dungeon.
             The game lasted 00:01:05 (264 turns).

Lanoc the Grave Robber (Human Necromancer)           Turns: 264, Time: 00:01:05

Health: 0/19       AC:  2    Str:  8    XL:     2   Next: 15%
Magic:  0/5        EV: 12    Int: 15    God:
Gold:   70         SH:  0    Dex: 13    Spells: 3/5 levels left

rFire    . . .     SeeInvis .   (no weapon)
rCold    . . .     Faith    .   (no shield)
rNeg     . . .     Spirit   .   a - +0 robe
rPois    .         Reflect  .   (no helmet)
rElec    .         Harm     .   (no cloak)
rCorr    .         Rampage  .   (no gloves)
Will     .....                  (no boots)
Stlth    ++........             (no amulet)
HPRegen  0.06/turn              (no ring)
MPRegen  0.09/turn              (no ring)

@: no status effects
A: no striking features
a: no special abilities


You were on level 1 of the Dungeon.
You visited 1 branch of the dungeon, and saw 1 of its levels.

You collected 70 gold pieces.

Inventory:

Armour
 a - a +0 robe (worn)
Scrolls
 c - a scroll of amnesia {unknown}


   Skills:
 + Level 2.2 Dodging
 - Level 2.0 Stealth
 - Level 2.0 Spellcasting
 * Level 4.3 Necromancy


You had 3 spell levels left.
You knew the following spells:

 Your Spells              Type           Power      Damage    Failure   Level
a - Pain                  Necr           56%        1d6       3%          1
b - Animate Skeleton      Necr           28%        N/A       3%          1

Your spell library contained the following spells:

 Spells                   Type           Power      Damage    Failure   Level
 Vampiric Draining        Necr           7%         2d7       12%         3
 Animate Dead             Necr           7%         N/A       36%         4
 Agony                    Necr           14%        N/A       71%         5


Dungeon Overview and Level Annotations

Branches:
Dungeon (1/15)

Altars:


Message History

Found a stone staircase leading down.
The jackal misses you. The jackal bites you. The jackal bites you.
* * * LOW HITPOINT WARNING * * *
Casting: Pain (safe; 4% risk of failure)
Confirm with . or Enter, or press ? or * to list all spells.
Aiming: Pain (safe; 4% risk of failure)
Press: ? - help, Shift-Dir - straight line, f - jackal
Aim: a jackal (chance to affect: 85%)
The jackal writhes in agony.
You kill the jackal!
You have reached level 2!
The jackal barely misses you. The jackal misses you. The jackal bites you.
* * * LOW HITPOINT WARNING * * *
The jackal bites you but does no damage.
Casting: Pain (safe; 3% risk of failure)
Confirm with . or Enter, or press ? or * to list all spells.
Aiming: Pain (safe; 3% risk of failure)
Press: ? - help, Shift-Dir - straight line, f - jackal
Aim: a jackal (moderately wounded, chance to affect: 85%)
The jackal writhes in agony.
You kill the jackal!
The jackal barely misses you. The jackal misses you.
You see here 8 gold pieces.
The jackal bites you but does no damage.
The jackal bites you but does no damage.
Casting: Pain (safe; 3% risk of failure)
Confirm with . or Enter, or press ? or * to list all spells.
Aiming: Pain (safe; 3% risk of failure)
Press: ? - help, Shift-Dir - straight line, f - jackal
Aim: a jackal (chance to affect: 85%)
The jackal writhes in agony.
The jackal completely misses you.
You barely miss the jackal.
The jackal is almost dead.
The jackal bites you.
You die...

#.######## #.#.
#.#.P..P.# #.#..
#.......P#####.##.
####..$......#.##.
#..$.........#.
#P.PP........#.
####..#........#.
####.....#.....####.
#..@h...######## #.
#.#####.# ## #.#
###.# #.#
#...########### #.#
#.#...).......#
#.###'###########.##
###.....## #...
#.....).# ####
#.......#


You could see a jackal.

Vanquished Creatures
  An endoplasm (D:1)
  A giant cockroach (D:1)
  3 jackals (D:1)
  A quokka (D:1)
6 creatures vanquished.

Vanquished Creatures (others)
  6 fungi (D:1)
  4 toadstools (D:1)
10 creatures vanquished.

Grand Total: 16 creatures vanquished

Notes
Turn   | Place    | Note
-------+----------+-------------------------------------------
     0 | D:1      | Lanoc the Human Necromancer began the quest for the Orb.
     0 | D:1      | Reached XP level 1. HP: 13/13 MP: 3/3
    11 | D:1      | Learned a level 1 spell: Animate Skeleton
   241 | D:1      | Reached XP level 2. HP: 2/19 MP: 0/5
   264 | D:1      | Slain by a jackal

Illustrated notes

Levels and vault maps discovered:
D:1:      dpeg_arrival_rhombus, layout_loops_cross, serial_shops, shop,
          ebering_ecumenical_altar_mist, minmay_crystal_water,
          minmay_misc_feat_room, kennysheep_flooded_box, st_stairs_1,
          minmay_gold_behind_fungi

Action                   || total
-------------------------++-------
Melee: Unarmed           ||    10
 Cast: Pain              ||    11
  Use: Potion            ||     1
Armor: Robe              ||     7
Dodge: Dodged            ||    23

Table legend: (Time is in decaauts)
 A = Elapsed time spent in this place.
 B = Non-inter-level travel time spent in this place.
 C = Inter-level travel time spent in this place.
 D = Time resting spent in this place.
 E = Time spent auto-exploring this place.
 F = Levels seen in this place.
 G = Mean time per level.
                   A        B        C        D        E       F      G
               +--------+--------+--------+--------+--------+-----+--------+
         Total |    264 |    236 |     28 |      0 |    159 |   1 |  264.0 |
       Dungeon |    264 |    236 |     28 |      0 |    159 |   1 |  264.0 |
               +--------+--------+--------+--------+--------+-----+--------+

Top non-repeatable levels by time:
     D:1: 264 daAuts
